 Dungeon Crawl Stone Soup version 0.20-a0-296-gf222164 (webtiles) character file.

13 Mefis the Magician (level 2, 0/22 HPs)
             Began as a Deep Elf Wizard on Dec 14, 2016.
             Succumbed to an adder's poison
             ... on level 1 of the Dungeon.
             The game lasted 00:03:17 (679 turns).

Mefis the Magician (Deep Elf Wizard)                 Turns: 679, Time: 00:03:18

Health: 0/22       AC: 21    Str:  4    XL:     2   Next: 24%
Magic:  0/9        EV:  2    Int: 22    God:
Gold:   100        SH:  0    Dex: 18    Spells: 3/10 levels left

rFire  + . .     SeeInvis .     g - +0 dagger
rCold  + . .     Gourm    .     (armour currently unavailable)
rNeg   + + +     Faith    .     (no shield)
rPois  +         Spirit   .     (helmet currently unavailable)
rElec  +         Reflect  .     (cloak currently unavailable)
rCorr  +         Harm     .     (gloves currently unavailable)
MR     .....     NoTele   +     (boots currently unavailable)
Stlth  +++.......               (no amulet)
                                (no ring)
                                (no ring)

@: agile, lethally poisoned (0 -> -6), tree-form, resistant, repel missiles
A: no striking features
a: no special abilities


You were on level 1 of the Dungeon.
You were not hungry.
You were a tree.
You visited 1 branch of the dungeon, and saw 2 of its levels.

You collected 100 gold pieces.

Inventory:

Hand Weapons
 e - a +0 hunting sling
 g - a +0 dagger (weapon)
Missiles
 h - 15 poisoned needles
Armour
 a - a +0 robe (melded)
 b - a +0 hat (melded)
Scrolls
 f - a scroll of remove curse {unknown}
 m - a scroll of identify {unknown}
Potions
 i - 2 potions of resistance
 j - a potion of agility
 l - a potion of curing {unknown}
Books
 c - a book of Minor Magic

   Spells                             Type                      Level
   a - Magic Dart                     Conjuration                  1
   b - Blink                          Translocation                2
   c - Call Imp                       Summoning                    2
   d - Repel Missiles                 Charms/Air                   2
   e - Slow                           Hexes                        2
   f - Conjure Flame                  Conjuration/Fire             3
   g - Mephitic Cloud                 Conjuration/Poison/Air       3
Comestibles
 d - a bread ration


   Skills:
 + Level 2.7 Dodging
 + Level 2.7 Stealth
 * Level 4.6 Spellcasting
 + Level 1.5 Conjurations
 + Level 1.3 Summonings
 - Level 1.1 Translocations


You had 3 spell levels left.
You knew the following spells:

 Your Spells              Type           Power        Failure   Level  Hunger
a - Magic Dart            Conj           ##..         8%          1    None
b - Call Imp              Summ           ##......     12%         2    None
c - Blink                 Tloc           N/A          12%         2    None
d - Repel Missiles        Chrm/Air       #.....       17%         2    None


Dungeon Overview and Level Annotations

Branches:
Dungeon (2/15)

Altars:


Message History

Your roots penetrate the ground.
Your shadow imp closely misses the adder.
The adder closely misses your shadow imp.
Casting: Blink
Confirm with . or Enter, or press ? or * to list all spells.
A beastly little devil appears in a puff of flame.
* * * LOW HITPOINT WARNING * * *
You feel sick.
Your shadow imp closely misses the adder.
The adder barely misses your shadow imp.
The adder closely misses your shadow imp.
Your shadow imp misses the adder.
The adder bites your shadow imp.
Your crimson imp blinks!
* * * LOW HITPOINT WARNING * * *
You feel sick.
Your shadow imp misses the adder.
The adder misses your shadow imp.
Your shadow imp completely misses the adder.
The adder bites your shadow imp but does no damage.
The adder misses your shadow imp.
Your shadow imp hits the adder.
You die...

###### #....# ##.##.##
#......###
######.....♣5.##### ##
#..........5#.....###
.#####.####....S.#.###...#
...............>...# ##''##
.......#.#############.##.##
.........### #...##.#
##.........#### ##.<.##.#
..............# ##....##.#
..............# #.####8#.#


You could see an adder, a friendly crimson imp and a friendly shadow imp.

Vanquished Creatures
  A leopard gecko (D:1)
  A giant cockroach (D:1)
  A goblin (D:1)
  6 bats (D:1)
  4 rats (D:1)
13 creatures vanquished.

Notes
Turn   | Place    | Note
-------+----------+-------------------------------------------
     0 | D:1      | Mefis the Deep Elf Wizard began the quest for the Orb.
     0 | D:1      | Reached XP level 1. HP: 10/10 MP: 7/7
   199 | D:1      | Reached XP level 2. HP: 15/15 MP: 9/9
   203 | D:1      | Learned a level 2 spell: Call Imp
   206 | D:1      | Learned a level 2 spell: Blink
   209 | D:1      | Learned a level 2 spell: Repel Missiles
   676 | D:1      | HP: 1/22 [poisoned by an adder]
   679 | D:1      | Succumbed to an adder's poison

Vault maps used:
D:1:      saegor_arrival_simple_e, serial_glass, glass_columns_a,
          glass_columns_c
D:2:      nicolae_ru_awakened_eye, tgw_kikubaaqudgha

Action                   || total
-------------------------++-------
Melee: Dagger            ||     7
       Unarmed           ||     1
 Cast: Magic Dart        ||    17
       Blink             ||     3
       Call Imp          ||     2
       Repel Missiles    ||     1
  Use: Potion            ||     3
 Stab: Sleeping          ||     4
Armor: Robe              ||     6
Dodge: Dodged            ||    29
